 Dungeon Crawl Stone Soup version 0.21.1-1-g345015f (webtiles) character file.

1299 kaytrill the Basher (level 8, -1/74 HPs)
             Began as a Troll Berserker on June 23, 2018.
             Was a Believer of Trog.
             Slain by Prince Ribbit (4 damage)
             ... on level 5 of the Dungeon.
             The game lasted 00:14:54 (4349 turns).

kaytrill the Basher (Troll Berserker)               Turns: 4349, Time: 00:14:55

Health: -1/74      AC:  5    Str: 26    XL:     8   Next: 31%
Magic:  0/7        EV:  8    Int:  4    God:    Trog [**....]
Gold:   199        SH: 11    Dex: 10    Spells: 7/7 levels left

rFire    + . .     SeeInvis .   a - +1 mace
rCold    . . .     Gourm    +   x - +2 shield
rNeg     . . .     Faith    .   b - +0 animal skin
rPois    .         Spirit   +   (helmet restricted)
rElec    .         Reflect  .   (no cloak)
rCorr    .         Harm     .   (gloves unavailable)
MR       .....                  (boots unavailable)
Stlth    +.........             g - amulet of guardian spirit
HPRegen  0.62/turn              r - ring of protection from fire
MPRegen  0.10/turn              (no ring)

@: berserk cooldown, slowed, very slow
A: large, unfitting armour, claws 3, fast metabolism 3, gourmand, regeneration
1, shaggy fur 1, tough skin 2
a: Berserk, Trog's Hand, Burn Spellbooks, Renounce Religion


You were on level 5 of the Dungeon.
You worshipped Trog.
Trog was pleased with you.
You were not hungry.

You visited 1 branch of the dungeon, and saw 6 of its levels.

You collected 199 gold pieces.

Inventory:

Hand Weapons
 a - a +1 mace (weapon)
 C - a +0 giant spiked club
Armour
 b - a +0 animal skin (worn)
 x - a +2 shield (worn)
Jewellery
 g - an amulet of guardian spirit (around neck)
 r - a ring of protection from fire (left claw)
 w - an uncursed amulet of harm
 D - an uncursed ring of wizardry {unknown}
 G - an uncursed ring of fire {unknown}
Wands
 y - a wand of iceblast (9)
 B - a wand of acid (5)
 E - a wand of flame (21)
Scrolls
 j - a scroll of immolation {unknown}
 k - a scroll of fear {unknown}
 m - 2 scrolls of noise {unknown}
 o - 2 scrolls of enchant weapon
 q - 5 scrolls of teleportation
 s - a scroll of fog {unknown}
 t - 2 scrolls of remove curse {unknown}
 u - 2 scrolls of blinking {unknown}
 v - 2 scrolls of random uselessness
 A - a scroll of enchant armour {unknown}
 F - a scroll of identify {unknown}
Potions
 d - a potion of mutation {unknown}
 e - a potion of magic {unknown}
 f - a potion of brilliance {unknown}
 h - 3 potions of might {unknown}
 i - 6 potions of curing {unknown}
 l - a potion of berserk rage {unknown}
 n - a potion of heal wounds {unknown}
 p - 2 potions of flight {unknown}
 z - a potion of haste {unknown}
Comestibles
 c - 6 rations


   Skills:
 - Level 2.4 Fighting
 * Level 9.1 Maces & Flails
 - Level 2.4 Dodging
 + Level 2.7 Shields


You had 7 spell levels left.
You didn't know any spells.

Dungeon Overview and Level Annotations

Branches:
Dungeon (6/15)             Temple (0/1) D:4

Altars:
Dithmenos
Gozag
Kikubaaqudgha
Okawaru
Uskayaw
Vehumet
Yredelemnul

Annotations:
D:5 Prince Ribbit
D:6 Sigmund


Innate Abilities, Weirdness & Mutations

You are too large for most types of armour.
You have claws for hands.
Your metabolism is lightning-fast.
You like to eat raw meat.
Your natural rate of healing is unusually fast.
You are covered in fur. (AC +1)
You have very tough skin. (AC +2)


Message History

You block Prince Ribbit's attack. Something hits you.
Prince Ribbit hits you but does no damage.
You hit Prince Ribbit.
Prince Ribbit is severely wounded.
Prince Ribbit hops awkwardly around.
Prince Ribbit hits you but does no damage. x2
Something hits you!
Prince Ribbit lets out a mournful croak.
Prince Ribbit hits you!
* * * LOW HITPOINT WARNING * * *
Prince Ribbit hits you!!
* * * LOW HITPOINT WARNING * * *
Something hits you.
* * * LOW HITPOINT WARNING * * *
Prince Ribbit catches a blue-tailed skink with his tongue.
Prince Ribbit hits you but does no damage.
You climb upwards.
There is a stone staircase leading down here.
Prince Ribbit hits you.
You die...

# #.# ##.......###
#.###.......## #
#########...#..###..# #
#........#.........## ##
##...#..............####.
#.........###........##..
#..#._.#..###.......#...#
#..................###...
#....#..@F........## ##..
#.........##..###.# #[.
##.#####...##..##..## #..
####...## ######..##...##
#.. #.......#
####.....###..
####...#...# #......##..
##..#...##..# ###........
#..###.####.## ##.......
....##.# #..# ##......


You could see Prince Ribbit.

Vanquished Creatures
  2 sky beasts (D:5)
  An orc warrior (D:6)
  An ogre (D:5)
  A centaur (D:5)
  A gnoll sergeant (D:5)
  2 scorpions
  2 crimson imps
  A quasit (D:5)
  2 bullfrog skeletons (D:5)
  2 orc priests
  6 orc wizards
  Crazy Yiuf (D:5)
  2 iguanas (D:4)
  4 worker ants
  3 adders
  5 gnolls
  An ooze (D:5)
  3 worms
  3 leopard geckos
  4 orcs
  6 bats
  3 goblins
  7 hobgoblins
  2 jackals (D:1)
  8 kobolds
  2 quokkas
  3 frilled lizards
  A leopard gecko zombie (D:5)
  4 rats
83 creatures vanquished.

Notes
Turn   | Place    | Note
-------+----------+-------------------------------------------
     0 | D:1      | kaytrill the Troll Berserker began the quest for the Orb.
     0 | D:1      | Reached XP level 1. HP: 22/22 MP: 0/0
   167 | D:1      | Reached skill level 3 in Maces & Flails
   349 | D:1      | Reached XP level 2. HP: 23/29 MP: 1/1
  1084 | D:2      | You fall through a shaft!
  1113 | D:3      | Reached ** piety under Trog
  1286 | D:3      | Reached skill level 4 in Maces & Flails
  1286 | D:3      | Reached XP level 3. HP: 36/36 MP: 2/2
  1289 | D:3      | Reached XP level 4. HP: 44/44 MP: 3/3
  1299 | D:3      | Reached skill level 5 in Maces & Flails
  1300 | D:3      | Reached XP level 5. HP: 50/50 MP: 4/4
  1384 | D:3      | Found a shadowy altar of Dithmenos.
  1439 | D:3      | Found an iron altar of Okawaru.
  2020 | D:4      | Reached skill level 6 in Maces & Flails
  2183 | D:4      | Found an ancient bone altar of Kikubaaqudgha.
  2290 | D:4      | Found a basalt altar of Yredelemnul.
  2333 | D:4      | Reached XP level 6. HP: 51/59 MP: 5/5
  2365 | D:4      | Found an opulent altar of Gozag.
  2437 | D:4      | Found a staircase to the Ecumenical Temple.
  2565 | D:4      | Found a hide-covered altar of Uskayaw.
  2679 | D:5      | Entered Level 5 of the Dungeon
  2868 | D:5      | Reached skill level 7 in Maces & Flails
  2868 | D:5      | Reached skill level 1 in Shields
  2868 | D:5      | Reached XP level 7. HP: 38/66 MP: 4/6
  3094 | D:5      | Found a runed door.
  3253 | D:5      | Noticed Crazy Yiuf
  3261 | D:5      | Killed Crazy Yiuf
  3261 | D:5      | Reached skill level 8 in Maces & Flails
  3578 | D:5      | Reached XP level 8. HP: 74/74 MP: 7/7
  3823 | D:5      | Found a radiant altar of Vehumet.
  4288 | D:6      | Reached skill level 9 in Maces & Flails
  4291 | D:6      | Noticed Sigmund
  4321 | D:6      | Noticed Prince Ribbit
  4347 | D:6      | HP: 1/74 [something (3)]
  4349 | D:5      | Slain by Prince Ribbit

Skill      XL: |  1  2  3  4  5  6  7  8 |
---------------+-------------------------+-----
Maces & Flails | 3 4 5 6 7 8 9 |  9.1
Shields        | 1 2 |  2.7
Fighting       | |  2.4
Dodging        | |  2.4

Action                   |  1- 3 |  4- 6 |  7- 9 || total
-------------------------+-------+-------+-------++-------
Melee: Mace              |    83 |   155 |   132 ||   370
Invok: Berserk           |     1 |     6 |     6 ||    13
       Trog's Hand       |     1 |     1 |     2 ||     4
  Use: Scroll            |       |       |     3 ||     3
  Eat: Chunk             |     9 |    14 |    19 ||    42
       Ration            |     1 |     2 |       ||     3
Armor: Animal skin       |    52 |    46 |    33 ||   131
Dodge: Dodged            |    65 |    50 |    19 ||   134
Block: Shield            |       |    50 |    58 ||   108
